 Dungeon Crawl Stone Soup version 0.29-a0-380-gf50f0a9fbc (webtiles) character file.

Game seed: 10686682398141830024

224 pyrow613 the Chopper (level 5, 0/48 HPs)
             Began as a Minotaur Fighter on May 5, 2022.
             Killed by divine providence
             ... invoked by an orc priest
              (11 damage)
             ... on level 4 of the Dungeon.
             The game lasted 00:05:24 (3097 turns).

pyrow613 the Chopper (Minotaur Fighter)             Turns: 3097, Time: 00:05:24

Health: 0/48       AC: 11    Str: 22    XL:     5   Next: 67%
Magic:  4/4        EV:  6    Int:  5    God:
Gold:   218        SH: 10    Dex: 16    Spells: 4/4 levels left

rFire   . . .      SeeInvis .   a - +0 war axe
rCold   . . .      Faith    .   c - +0 buckler
rNeg    . . .      Spirit   .   x - +0 plate armour
rPois   .          Reflect  +   (helmet restricted)
rElec   .          Harm     .   (no cloak)
rCorr   .          Rampage  .   (no gloves)
Will    .....                   (no boots)
Stlth   ..........              r - amulet of reflection
HPRegen 0.16/turn               t - +6 ring of dexterity
MPRegen 0.09/turn               (no ring)

@: no status effects
A: horns 2, retaliatory headbutt
a: no special abilities


You were on level 4 of the Dungeon.
You visited 1 branch of the dungeon, and saw 4 of its levels.

You collected 218 gold pieces.

Inventory:

Hand Weapons
 a - a +0 war axe (weapon)
 b - a +0 hunting sling
Armour
 c - a +0 buckler (worn)
 x - a +0 plate armour (worn)
Jewellery
 r - an amulet of reflection (around neck)
 t - a +6 ring of dexterity (left hand)
Scrolls
 i - a scroll of fear {unknown}
 m - a scroll of noise {unknown}
 o - a scroll of blinking {unknown}
 p - a scroll of brand weapon {unknown}
 s - a scroll of summoning {unknown}
 u - a scroll of identify {unknown}
 v - a scroll of immolation {unknown}
 w - a scroll of teleportation {unknown}
Potions
 d - 2 potions of might
 e - 2 potions of magic {unknown}
 f - 3 potions of curing
 g - a potion of flight {unknown}
 h - a potion of lignification {unknown}
 j - a potion of mutation {unknown}
 k - 2 potions of brilliance {unknown}
 n - a potion of cancellation {unknown}
 q - a potion of berserk rage {unknown}


   Skills:
 + Level 5.3 Fighting
 * Level 6.1 Axes
 - Level 3.6 Armour
 - Level 3.6 Shields


You had 4 spell levels left.
You didn't know any spells.
Your spell library contained the following spells:

 Spells                   Type           Power      Damage    Failure   Level
 Dazzling Flash           Conj/Hex       0%         N/A       100%        3
 Agony                    Necr           0%         N/A       100%        5
 Silence                  Hex/Air        0%         N/A       100%        5


Dungeon Overview and Level Annotations

Branches:
Dungeon (4/15)
 Temple: D:4-7

Altars:
Elyvilon

Shops:
D:2 :([(


Innate Abilities, Weirdness & Mutations

You have a pair of horns on your head.
You reflexively headbutt those who attack you in melee.


Message History

You slash the orc priest!
The orc priest is heavily wounded.
You barely miss something.
You feel less confused.
The orc priest mumbles some strange prayers to Beogh against you.
Beogh smites you!
You hear some strange, mumbled words.
A puff of flame appears from out of thin air!
The puff of flame hits you!
You hear some strange, mumbled words.
A magic dart appears from out of thin air!
The magic dart hits you but does no damage.
You block the orc priest's attack.
Unknown command.
Unknown command.
You slash the orc priest!
You kill the orc priest!
You miss something. Something hits you but does no damage.
Unknown command.
You slash the iguana! You headbutt the iguana.
You kill the iguana!
You closely miss something. You block something's attack.
Your Axes skill increases to level 6!
You hit the orc priest.
The orc priest is moderately wounded.
You completely miss something.
The orc priest mumbles some strange prayers to Beogh against you.
Beogh smites you!
* * * LOW HITPOINT WARNING * * *
You hear some strange, mumbled words.
A magic dart appears from out of thin air!
The magic dart hits you.
* * * LOW HITPOINT WARNING * * *
You barely miss the orc priest. You headbutt the orc priest!
The orc priest is almost dead.
You hit something but do no damage. Something hits you.
* * * LOW HITPOINT WARNING * * *
The orc priest calls down the wrath of Beogh upon you.
Beogh smites you!
You die...

#<...P.♣♣.♣♣ P...+.........#
#...≈≈P......≈≈####..####'###
#..#≈≈..♣♣♣..≈≈...#+##......#
...#.....# .+...............#
...+.....# #...............#
...#.....# #...............#
.###.....# .!............# .
###.... #o##+###'#####
#@{..)......# #...........#
#...........# #...........#
#############


You could see an orc priest.

Vanquished Creatures
  An orc priest (D:4)
  2 iguanas
  An orc wizard (D:4)
  Robin (D:2)
  2 adders (D:2)
  2 worms
  A dart slug (D:1)
  4 orcs
  4 bats
  7 endoplasms
  A giant cockroach (D:3)
  14 goblins
  7 hobgoblins
  4 jackals (D:1)
  7 kobolds
  5 quokkas
  4 ball pythons
  2 frilled lizards (D:1)
  4 rats
73 creatures vanquished.

Notes
Turn   | Place    | Note
-------+----------+-------------------------------------------
     0 | D:1      | pyrow613 the Minotaur Fighter began the quest for the Orb.
     0 | D:1      | Reached XP level 1. HP: 19/19 MP: 0/0
    16 | D:1      | Reached skill level 3 in Axes
    83 | D:1      | Reached XP level 2. HP: 27/27 MP: 1/1
   339 | D:1      | Reached XP level 3. HP: 23/33 MP: 2/2
   729 | D:2      | Reached skill level 4 in Axes
   732 | D:2      | Found Ozulicku's Antique Armour Shoppe.
   901 | D:2      | Found Ruoxid's Book Shop.
   907 | D:2      | Found a faded altar of an unknown god.
  1409 | D:2      | Found Izioh's Weapon Shoppe.
  1520 | D:2      | Found Sikoc's Weapon Shoppe.
  1650 | D:2      | Reached XP level 4. HP: 41/41 MP: 3/3
  1770 | D:2      | Noticed Robin
  1787 | D:2      | Killed Robin
  2241 | D:3      | Reached skill level 5 in Axes
  2714 | D:3      | Reached XP level 5. HP: 47/47 MP: 4/4
  3015 | D:4      | Found a white marble altar of Elyvilon.
  3083 | D:4      | Reached skill level 5 in Fighting
  3096 | D:4      | Reached skill level 6 in Axes
  3097 | D:4      | Killed from afar by an orc priest

Illustrated notes

Levels and vault maps discovered:
D:1:      dpeg_arrival_pond, layout_rooms
D:2:      minmay_wonky_spiral, layout_loops_corners,
          ebering_ecumenical_altar_rust, serial_shops, shop,
          nicolae_shop_bloodbath_and_beyond, shop, shop,
          minmay_misc_feat_ornament, uniq_robin
D:3:      minmay_door_path, layout_loops_corners, hangedman_abyss_or_decor_stabs
D:4:      layout_gridville, nicolae_elyvilon_peaceful_grove,
          chequers_mini_garden

Skill      XL: |  1  2  3  4  5 |
---------------+----------------+-----
Axes           | 3 4 5 6 |  6.1
Fighting       | 4 5 |  5.3
Armour         | |  3.6
Shields        | |  3.6

Action                   |  1- 3 |  4- 6 || total
-------------------------+-------+-------++-------
Melee: War axe           |    81 |    57 ||   138
       Headbutt          |     8 |     8 ||    16
Armor: Scale mail        |    28 |    14 ||    42
       Plate armour      |       |    18 ||    18
Dodge: Dodged            |    32 |    13 ||    45
Block: Buckler           |    26 |    15 ||    41

Table legend: (Time is in decaauts)
 A = Elapsed time spent in this place.
 B = Non-inter-level travel time spent in this place.
 C = Inter-level travel time spent in this place.
 D = Time resting spent in this place.
 E = Time spent auto-exploring this place.
 F = Levels seen in this place.
 G = Mean time per level.
                   A        B        C        D        E       F      G
               +--------+--------+--------+--------+--------+-----+--------+
         Total |   3139 |   3057 |     82 |      0 |   2652 |   4 |  784.8 |
       Dungeon |   3139 |   3057 |     82 |      0 |   2652 |   4 |  784.8 |
               +--------+--------+--------+--------+--------+-----+--------+

Top non-repeatable levels by time:
     D:2: 1383 daAuts
     D:3: 960 daAuts
     D:1: 697 daAuts
     D:4: 98 daAuts
